 Dungeon Crawl Stone Soup version 0.29.1-15-g9cfb28693d (webtiles) character file.

Game seed: 10559437523192785432

5762 hawla the Zephyrmancer (level 11, -2/79 HPs)
             Began as a Meteoran Fire Elementalist on Mar 22, 2023.
             Was a Follower of Vehumet.
             Slain by Snorg (18 damage)
             ... on level 10 of the Dungeon.
             The game lasted 00:22:01 (5098 turns).

hawla the Zephyrmancer (Meteoran Fire Elementalist) Turns: 5098, Time: 00:22:01

Health: -2/79      AC:  9    Str: 10    XL:     11   Next: 26%
Magic:  19/28      EV: 13    Int: 29    God:    Vehumet [*.....]
Gold:   30         SH:  0    Dex: 18    Spells: 9/20 levels left

rFire   . . .      SeeInvis +   l - +10 quarterstaff of the Shrike {vorpal, Fly Int+4 Dex+3}
rCold   + . .      Faith    .   (shield currently unavailable)
rNeg    . . .      Spirit   .   C - +2 robe {rC+}
rPois   +          Reflect  .   i - +2 helmet {SInv}
rElec   .          Harm     .   (no cloak)
rCorr   .          Rampage  .   (no gloves)
Will    +....                   x - +1 pair of boots
Stlth   +.........              (no amulet)
HPRegen 0.23/turn               w - ring of Midwinter {rPois Int+4}
MPRegen 0.21/turn               s - ring of Tikithug {rPois MP+9}

@: flying, glowing
A: sense surroundings 2, otherworldly, glowing, explore regen
a: Renounce Religion


You were on level 10 of the Dungeon.
You worshipped Vehumet.
Vehumet was aware of your devotion.
You visited 2 branches of the dungeon, and saw 11 of its levels.
You also visited: Sewer.

You collected 473 gold pieces.
You spent 443 gold pieces at shops.

Inventory:

Hand Weapons
 l - the +10 quarterstaff of the Shrike (weapon) {vorpal, Fly Int+4 Dex+3}
   (You found it on level 3 of the Dungeon)

   It inflicts extra damage upon your enemies.
   Int:       It affects your intelligence (+4).
   Dex:       It affects your dexterity (+3).
   Fly:       It grants you flight.
Armour
 i - a +2 helmet of see invisible (worn)
 x - a +1 pair of boots (worn)
 C - a +2 robe of cold resistance (worn)
Magical Staves
 h - a staff of cold
 y - a staff of conjuration
Jewellery
 c - a +4 ring of protection
 s - the ring of Tikithug (right hand) {rPois MP+9}
   (You found it on level 4 of the Dungeon)

   [ring of magical power]

   rPois:     It protects you from poison.
   MP:        It affects your magic capacity (+9).
 w - the ring of Midwinter (left hand) {rPois Int+4}
   (You found it on level 3 of the Dungeon)

   [ring of poison resistance]

   Int:       It affects your intelligence (+4).
   rPois:     It protects you from poison.
 A - a +4 ring of protection
 E - a +6 ring of strength
Wands
 m - a wand of mindburst (5)
 F - a wand of polymorph (5)
Scrolls
 d - 3 scrolls of noise
 f - 3 scrolls of identify
 g - 7 scrolls of teleportation
 k - 4 scrolls of blinking
 o - a scroll of amnesia
 q - 2 scrolls of enchant weapon
 t - a scroll of fear
 v - a scroll of enchant armour
 B - a scroll of acquirement {unknown}
Potions
 a - a potion of berserk rage {unknown}
 b - a potion of magic
 e - a potion of ambrosia {unknown}
 j - 3 potions of brilliance {unknown}
 n - 8 potions of curing
 p - 2 potions of cancellation
 r - 2 potions of might
 u - 3 potions of haste
 z - a potion of mutation {unknown}
 D - 3 potions of heal wounds


   Skills:
 + Level 1.8 Fighting
 + Level 5.1 Staves
 + Level 3.3 Dodging
 - Level 1.4 Stealth
 + Level 5.2 Spellcasting
 + Level 5.9 Conjurations
 + Level 6.3 Fire Magic
 + Level 3.0 Ice Magic
 + Level 13.9 Air Magic
 + Level 3.0 Poison Magic
 + Level 3.0 Evocations


You had 9 spell levels left.
You knew the following spells:

 Your Spells              Type           Power      Damage    Failure   Level
a - Foxfire               Conj/Fire      100%       2x1d9     1%          1
b - Scorch                Fire           88%        2d9       1%          2
c - Flame Wave            Conj/Fire      43%        2d11      4%          4
d - Airstrike             Air            36%        2d(6-22)  1%          4

Your spell library contained the following spells:

 Spells                   Type           Power      Damage    Failure   Level
 Freeze                   Ice            96%        1d11      1%          1
 Magic Dart               Conj           100%       1d8       1%          1
 Shock                    Conj/Air       100%       1d9       1%          1
 Searing Ray              Conj           84%        2d7       1%          2
 Conjure Flame            Conj/Fire      43%        6-21      1%          3
 Mephitic Cloud           Conj/Pois/Air  51%        N/A       1%          3
 Swiftness                Air            73%        N/A       1%          3
 Lightning Bolt           Conj/Air       30%        1d47      2%          5
 Summon Lightning Spire   Summ/Air       47%        N/A       3%          4
 Ensorcelled Hibernation  Hex/Ice        32%        N/A       4%          2
 Inner Flame              Hex/Fire       25%        N/A       4%          3
 Call Imp                 Summ           7%         N/A       10%         2
 Spider Form              Tmut/Pois      16%        N/A       10%         3
 Portal Projectile        Hex/Tloc       14%        N/A       19%         3
 Tukima's Dance           Hex            7%         N/A       19%         3
 Fulminant Prism          Conj/Hex       12%        3d9       19%         4
 Anguish                  Hex/Necr       3%         N/A       52%         4
 Blade Hands              Tmut           3%         N/A       86%         5


Dungeon Overview and Level Annotations

Branches:
Dungeon (10/15) Zot: 1400  Temple (1/1) D:7 Zot: 332   Sewer (visited)
   Lair: D:8-11         Orc: D:9-12

Altars:
Ashenzari
Cheibriados
Dithmenos
Fedhas
Gozag
Hepliaklqana
Kikubaaqudgha
Makhleb
Nemelex Xobeh
Okawaru
Qazlal
Sif Muna
Trog
Uskayaw
Vehumet
Wu Jian
Yredelemnul
Zin
The Shining One

Shops:
D:2 ?*   D:9 *

Portals:
Abyss: D:9

Annotations:
D:9 2 transporters, THTSBRD's ghost, journeyman FoHu
D:10 Erica; Snorg


Innate Abilities, Weirdness & Mutations

You passively map the area around you.
You are easily found by Zot.
You glow in the dark.
You regain HP and MP as you explore.


Message History

Casting: Foxfire (safe; 1% risk of failure)
Confirm with . or Enter, or press ? or * to list all spells.
You don't know that spell.
Casting: Foxfire (safe; 1% risk of failure)
Confirm with . or Enter, or press ? or * to list all spells.
Flames lash Snorg.
Snorg is moderately wounded.
Snorg's fire resistance burns away.
Snorg goes berserk!
Casting: Scorch (safe; 1% risk of failure)
Confirm with . or Enter, or press ? or * to list all spells.
Flames lash Snorg.
Snorg is burned terribly!
Snorg is heavily wounded.
Casting: Scorch (safe; 1% risk of failure)
Confirm with . or Enter, or press ? or * to list all spells.
You conjure some foxfire!
Snorg rages.
Snorg bites you! Snorg claws you. Snorg closely misses you.
You hear a shout!
Casting: Foxfire (safe; 1% risk of failure)
Confirm with . or Enter, or press ? or * to list all spells.
Flames lash Snorg.
Snorg is burned terribly!
Snorg is heavily wounded.
The foxfire hits Snorg!
Snorg is burned terribly!
Snorg is heavily wounded.
The foxfire hits Snorg.
Snorg is burned terribly!
Snorg is severely wounded.
Snorg is engulfed in a cloud of scalding steam.
Snorg bites you!! Snorg claws you. x2
Erica the Fiery-Tempered comes into view.
She is wielding a +2 scimitar of flaming and wearing a +2 robe of cold resistance.
Casting: Scorch (safe; 1% risk of failure)
Confirm with . or Enter, or press ? or * to list all spells.
Flames lash Snorg.
Snorg is burned terribly!
Snorg is severely wounded.
Snorg is engulfed in a cloud of scalding steam.
Snorg misses you. Snorg claws you! x2
Snorg is engulfed in a cloud of scalding steam.
Snorg bites you!
* * * LOW HITPOINT WARNING * * *
Snorg barely misses you. Snorg claws you!!
You die...

,* * *
..###..###.♣♣ * *
#..#..#.....♣♣ . ,
*
*#...#.......♣♣♣..
, ,
#......≈~≈...♣...
,
...@?.≈≈~≈≈.....≈
~
,*#...~~♣~~.....~
~ , * *
##.)≈≈~≈§.....≈~ ~
, , , #....≈T@...♣
, ~ , , , *
*#....#.......♣♣
*#.# #......♣♣ *
,, , , , #..<..♣♣
, ,,, * #.....# ,*
#.....# * **
#.....# * #.....#
#....$# ,


You could see Snorg (berserk, combustible) and Erica.

Vanquished Creatures
  The ghost of Seidenschwarz the Chopper, a novice MiFi (D:6)
  A troll (D:9)
  2 hornets
  Grinder (D:6)
  A shadow (D:9)
  A vampire (D:9)
  6 yaks (D:9)
  3 steam dragons
  Duvessa (D:6)
  An acid dragon (D:9)
  A water moccasin (D:7)
  A sky beast (D:6)
  5 centaurs
  An ogre (D:6)
  A phantom (D:5)
  A kobold brigand (D:8)
  4 necrophages
  Blork the orc (D:4)
  3 bullfrogs
  A scorpion (D:6)
  5 wights (D:9)
  Dowan (D:6)
  3 killer bees (D:9)
  A howler monkey (D:6)
  5 orc priests
  2 hounds
  2 gnoll boudas
  2 iguanas (D:4)
  9 orc wizards
  Robin (D:3)
  8 gnolls
  12 adders
  2 white imps
  An ufetubus (D:4)
  4 worms
  5 dart slugs
  19 orcs
  4 endoplasms
  13 giant cockroaches
  16 goblins
  8 hobgoblins
  4 jackals (D:3)
  11 kobolds
  7 quokkas
  11 ball pythons
  6 bats
  15 frilled lizards
  3 rats
217 creatures vanquished.

Vanquished Creatures (others)
  An orc (D:8)
  175 foxfires
176 creatures vanquished.

Grand Total: 393 creatures vanquished

Notes
Turn   | Place    | Note
-------+----------+-------------------------------------------
     0 | D:1      | hawla the Meteoran Fire Elementalist began the quest for
                  | the Orb.
     0 | D:1      | Reached XP level 1. HP: 14/14 MP: 5/5
    65 | D:1      | Reached XP level 2. HP: 16/20 MP: 1/6
    68 | D:1      | Learned a level 2 spell: Scorch
   128 | D:2      | Reached XP level 3. HP: 26/26 MP: 2/8
   153 | D:2      | Found Bisuek's Magic Scroll Shop.
   210 | D:2      | Reached skill level 1 in Poison Magic
   210 | D:2      | Reached skill level 1 in Evocations
   210 | D:2      | Reached XP level 4. HP: 33/33 MP: 3/9
   313 | D:2      | Found a snail-covered altar of Cheibriados.
   440 | D:2      | Found Otuff's General Store.
   676 | D:3      | Noticed a centaur
   680 | D:3      | Killed a centaur
   681 | D:3      | Reached XP level 5. HP: 6/38 MP: 4/10
   681 | D:3      | Reached XP level 6. HP: 7/45 MP: 4/11
   700 | D:3      | Identified the +10 quarterstaff of the Shrike {vorpal, Fly
                  | Int+4 Dex+3}
   754 | D:3      | Found a glowing drain.
   783 | D:3      | Reached skill level 5 in Fire Magic
   790 | Sewer    | Entered a sewer
   796 | Sewer    | Learned a level 4 spell: Flame Wave
   854 | Sewer    | Reached XP level 7. HP: 12/50 MP: 3/13
  1201 | D:4      | Found an opulent altar of Gozag.
  1202 | D:4      | Found a shadowy altar of Dithmenos.
  1206 | D:4      | Identified the ring of Tikithug {rPois MP+9}
  1339 | D:4      | Noticed Blork the orc
  1474 | D:3      | Noticed Robin
  1488 | D:3      | Killed Robin
  1533 | D:3      | Identified the ring of Midwinter {rPois Int+4}
  1548 | D:3      | Found a faded altar of an unknown god.
  1694 | D:4      | Killed Blork the orc
  1695 | D:4      | Reached skill level 5 in Conjurations
  1887 | D:5      | Entered Level 5 of the Dungeon
  1955 | D:5      | Reached skill level 1 in Ice Magic
  1955 | D:5      | Reached XP level 8. HP: 32/57 MP: 13/14
  2071 | D:5      | Reached skill level 1 in Fighting
  2198 | D:5      | Found a stormy altar of Qazlal.
  2302 | D:5      | Learned a level 4 spell: Airstrike
  2327 | D:6      | Reached skill level 2 in Air Magic
  2327 | D:6      | Gained mutation: You passively map the area around you.
                  | [Meteoran growth]
  2327 | D:6      | Reached XP level 9. HP: 64/64 MP: 16/16
  2330 | D:6      | Reached skill level 3 in Air Magic
  2335 | D:6      | Reached skill level 4 in Air Magic
  2547 | D:6      | Reached skill level 5 in Air Magic
  2578 | D:6      | Noticed Dowan
  2579 | D:6      | Reached skill level 6 in Air Magic
  2586 | D:6      | Noticed Duvessa
  2591 | D:6      | Killed Dowan
  2595 | D:6      | Killed Duvessa
  2596 | D:6      | Reached skill level 7 in Air Magic
  2627 | D:6      | Found a runed translucent door.
  2966 | D:6      | Noticed Grinder
  2969 | D:6      | Killed Grinder
  2970 | D:6      | Reached skill level 8 in Air Magic
  3190 | D:6      | Noticed Seidenschwarz's ghost (novice MiFi)
  3212 | D:6      | Killed Seidenschwarz's ghost
  3213 | D:6      | Reached skill level 9 in Air Magic
  3213 | D:6      | Reached XP level 10. HP: 28/72 MP: 9/17
  3330 | D:2      | Bought a +2 helmet of see invisible for 279 gold pieces
  3366 | D:2      | Bought a scroll of fear for 52 gold pieces
  3481 | D:7      | Found a staircase to the Ecumenical Temple.
  3498 | D:7      | Reached skill level 10 in Air Magic
  3544 | Temple   | Entered the Ecumenical Temple
  3803 | Temple   | Became a worshipper of Vehumet
  3984 | D:8      | Reached skill level 11 in Air Magic
  4075 | D:8      | Found a blossoming altar of Fedhas.
  4133 | D:8      | Reached skill level 12 in Air Magic
  4156 | D:8      | Found a broken altar of Ashenzari.
  4442 | D:9      | Reached * piety under Vehumet
  4442 | D:9      | Offered knowledge of Freeze by Vehumet.
  4482 | D:9      | Found a transporter.
  4483 | D:9      | Noticed THTSBRD's ghost (journeyman FoHu)
  4486 | D:9      | Found a one-way gate to the infinite horrors of the Abyss.
  4494 | D:9      | Noticed an ancient zyme
  4525 | D:9      | Noticed a thrashing horror
  4538 | D:9      | Found a transporter.
  4560 | D:9      | Reached skill level 13 in Air Magic
  4625 | D:9      | Reached XP level 11. HP: 54/78 MP: 15/18
  4660 | D:9      | Found Ymnetukh's Island Escapes.
  4668 | D:9      | Bought a scroll of blinking for 112 gold pieces
  4805 | D:9      | Reached skill level 5 in Staves
  4805 | D:9      | Reached skill level 5 in Spellcasting
  5062 | D:9      | Noticed a toenail golem
  5084 | D:10     | Entered Level 10 of the Dungeon
  5087 | D:10     | Noticed Snorg
  5097 | D:10     | Noticed Erica
  5098 | D:10     | Slain by Snorg

Illustrated notes

Levels and vault maps discovered:
D:1:      minmay_arrival_radiant_lines, layout_loops_ring, serial_aquarium,
          aquarium_bridge_straight [aquarium_subvault_bridge,
          aquarium_subvault_balcony, aquarium_subvault_bridge,
          aquarium_subvault_balcony], aquarium_bridge_straight
          [aquarium_subvault_bridge, aquarium_subvault_wall,
          aquarium_subvault_bridge, aquarium_subvault_wall],
          aquarium_window_fake, aquarium_window_corridor_3, aquarium_window_2,
          aquarium_view_2f, aquarium_balcony_3b, aquarium_pool_S
D:2:      layout_rooms, basic_altar, serial_shops, nicolae_shop_trees,
          nicolae_shop_waterfront
D:3:      layout_basic, hellmonk_ecumenical_altar_inner_sanctum,
          cheibrodos_sewer_entry_sluice, st_stairs_1, uniq_robin
D:4:      layout_cave_pools, gammafunk_temple_overflow_pools, serial_glass,
          glass_columns_c, glass_columns_c, minmay_strange_pillars,
          due_unseen_surprise, uniq_blork_the_orc
D:5:      layout_rooms, kennysheep_little_box, minmay_misc_feat_tower,
          mrwooster_statue_mirror
D:6:      layout_basic, ebering_ghost_reflecting_pool, uniq_duvessa,
          uniq_grinder
D:7:      layout_basic, brannock_xom_greatest_gift, nicolae_ru_path_of_blood,
          minmay_temple_entry_stoned_glass
D:8:      layout_basic, nicolae_overflow_crystal_walls, amcnicky_altar_gilded,
          minmay_statues_item
D:9:      layout_stronghold, gammafunk_ghost_abyssal_escape,
          serial_bayou_pond_c, nicolae_island_escapes
D:10:     layout_rooms, elyvilon_altar_3, lair_entry_dummy, uniq_harold,
          uniq_erica, uniq_josephine, uniq_snorg, uniq_sonja
Temple:   minmay_temple_curvy_branch

Skill      XL: |  1  2  3  4  5  6  7  8  9 10 11 |
---------------+----------------------------------+-----
Fire Magic     | 4 5 6 |  6.3
Conjurations   | 2 3 5 |  5.9
Spellcasting   | 3 4 5 |  5.2
Poison Magic   | 1 3 |  3.0
Evocations     | 1 3 |  3.0
Staves         | 2 3 4 5 |  5.1
Ice Magic      | 1 3 |  3.0
Fighting       | 1 |  1.8
Dodging        | 3 |  3.3
Air Magic      | 2 9 13 | 13.9
Stealth        | |  1.4

Action                   |  1- 3 |  4- 6 |  7- 9 | 10-12 || total
-------------------------+-------+-------+-------+-------++-------
Melee: Unarmed           |     7 |       |       |       ||     7
       Staff             |    11 |    37 |     1 |       ||    49
       Punch             |     1 |       |       |       ||     1
       Quarterstaff      |       |     8 |    57 |    12 ||    77
 Cast: Foxfire           |    20 |    36 |    24 |    22 ||   102
       Scorch            |     4 |    15 |    28 |    37 ||    84
       Flame Wave        |       |     1 |    21 |    16 ||    38
  Use: Scroll            |       |       |    14 |       ||    14
       Potion            |       |       |     4 |       ||     4
Armor: Robe              |     8 |    21 |    24 |    24 ||    77
Dodge: Dodged            |    14 |    39 |    67 |    45 ||   165
